Flames vs Bruins
Created - 18 novembre 2014 at 22:45
Goals
|
| Flames |
0 |
1 |
1 |
2 |
| Bruins |
0 |
1 |
0 |
1 |
|
Shots
|
| Flames |
7 |
10 |
2 |
19 |
| Bruins |
6 |
15 |
13 |
34 |
|
1st period
No Goal
Penalties :
Jason Demers (Bos) for Tripping (Minor) at 4:26, Sydney Crosby (Bos) for Holding (Minor) at 15:10, Tomas Kaberle (Cal) for Holding (Minor) at 15:52, Tomas Kaberle (Cal) for Hooking (Minor) at 18:35
2nd period
1. Bruins , Wojtek Wolski 14 (Eric Lindros) at 9:35 (PP)
2. Flames , Eric Staal 14 (David Backes, Alexander Semin) at 17:48
Penalties :
Michal Handzus (Cal) for Tripping (Minor) at 4:13, Michal Handzus (Cal) for Holding (Minor) at 9:34, Filip Kuba (Cal) for Slashing (Minor) at 19:05
3rd period
3. Flames , Jordin Tootoo 6 (Ron Hainsey, Eric Staal) at 2:00
Penalties :
Wojtek Wolski (Bos) for Slashing (Double Minor) at 9:39, David Backes (Cal) for Hooking (Minor) at 14:41, Christoph Schubert (Bos) for Hooking (Minor) at 17:20
Goalie Stats
Pekka Rinne (Cal), 33 saves from 34 shots - (0,971), W, 10-6-2, 60:00 minutes
Evgeni Nabokov (Bos), 17 saves from 19 shots - (0,895), L, 8-11-1, 59:28 minutes
Players Stats for Flames
Player Name G A P +/- PIM S H SB GA TA FO MP PP MP PK MP
------------------------------------------------------------------------------------
Alexander Semin 0 1 1 1 0 1 0 1 2 1 0/1 20:01 4:16 1:22
Brad Marchand 0 0 0 0 0 1 0 0 0 0 0/0 8:25 1:29 0:14
Craig Adams 0 0 0 0 0 0 1 0 0 0 0/0 13:03 0:57 5:07
David Backes 0 1 1 1 2 2 2 0 0 0 3/4 18:38 4:17 0:59
Eric Staal 1 1 2 1 0 4 5 1 0 0 13/25 21:47 4:17 3:22
Erik Johnson 0 0 0 0 0 0 0 0 1 0 0/0 21:12 4:54 3:49
Filip Kuba 0 0 0 1 2 1 2 0 0 0 0/0 21:37 4:54 0:45
Jordin Tootoo 1 0 1 1 0 3 1 0 0 0 1/2 14:54 0:00 1:55
Marcel Goc 0 0 0 0 0 0 1 0 0 0 5/5 11:20 1:31 0:24
Mark Bell 0 0 0 1 0 2 3 0 0 0 0/1 14:43 2:51 0:00
Michal Handzus 0 0 0 1 4 2 2 0 1 0 8/15 18:59 2:51 3:55
Mikhail Grabovski 0 0 0 0 0 0 1 0 1 0 0/1 6:16 0:00 0:00
Milan Hejduk 0 0 0 0 0 0 1 0 1 0 0/0 12:20 3:25 0:00
Niklas Kronwall 0 0 0 1 0 0 0 1 0 0 0/0 14:19 0:44 0:36
Ron Hainsey 0 1 1 1 0 0 2 1 0 0 0/0 20:01 3:01 4:49
Steve Eminger 0 0 0 1 0 1 0 1 0 1 0/0 23:37 0:31 4:50
Steve Regier 0 0 0 0 0 1 0 1 0 0 0/1 9:19 0:03 0:00
Tomas Kaberle 0 0 0 0 4 1 1 1 0 1 0/0 19:27 3:13 2:29
Players Stats for Bruins
Player Name G A P +/- PIM S H SB GA TA FO MP PP MP PK MP
------------------------------------------------------------------------------------
Andrei Markov 0 0 0 0 0 3 1 2 0 1 0/0 28:51 5:43 5:06
Andrew Alberts 0 0 0 0 0 0 0 0 0 3 0/0 28:09 5:43 4:40
Blair Betts 0 0 0 0 0 1 2 0 0 0 1/3 9:38 0:00 2:07
Christoph Schubert 0 0 0 -2 2 1 0 0 0 0 0/0 12:46 0:00 0:42
Dainius Zubrus 0 0 0 -1 0 1 1 0 0 0 1/1 11:28 0:05 2:32
Dave Bolland 0 0 0 -1 0 2 0 0 0 0 1/4 9:42 0:00 0:58
Eric Lindros 0 1 1 0 0 2 2 0 0 1 14/26 23:20 4:30 3:24
Jason Demers 0 0 0 -2 2 1 0 1 0 0 0/0 11:48 0:00 0:00
Mark Stuart 0 0 0 0 0 0 0 0 0 0 0/0 19:15 2:56 3:25
Martin Erat 0 0 0 0 0 4 0 0 0 0 0/0 7:28 0:00 0:00
Matt Cooke 0 0 0 0 0 2 0 0 0 0 1/1 10:32 0:05 2:49
Ryan O'Byrne 0 0 0 0 0 1 3 1 0 1 0/0 19:15 2:56 3:25
Scottie Upshall 0 0 0 -1 0 1 0 0 0 0 0/1 17:12 4:04 2:17
Sydney Crosby 0 0 0 -1 2 2 1 0 1 0 1/5 16:01 4:04 1:24
Victor Oreskovich 0 0 0 0 0 3 0 0 1 0 1/2 18:44 4:15 0:00
Viktor Stalberg 0 0 0 -1 0 3 2 0 1 0 0/3 9:44 0:24 0:09
Vitali Yachmenev 0 0 0 -1 0 1 1 0 0 0 0/0 14:34 4:00 0:00
Wojtek Wolski 1 0 1 0 4 6 3 0 0 0 5/9 21:33 4:30 1:38
3 Stars
1 - Eric Staal (Cal)
2 - Pekka Rinne (Cal)
3 - Jordin Tootoo (Cal)
Power Play
Flames - 0 on 5 Attempt(s) - 0,00%
Bruins - 1 on 6 Attempt(s) - 16,67%
Penalty Kill
Flames - 5 on 6 Attempt(s) - 83,33%
- Score 0 goal in Penalty Kill
Bruins - 5 on 5 Attempt(s) - 100,00%
- Score 0 goal in Penalty Kill
Official
Referees : Charron Francis and Kimmerly Greg
Linesman : Michel Cormier and Scott Cherrey
Game Notes
No Game Note
Finance
Level 1 -- Attendance: 4216 (70,27%) -- Ticket Income 417 384 $
Level 2 -- Attendance: 3552 (71,04%) -- Ticket Income 209 568 $
Level 3 -- Attendance: 1799 (89,95%) -- Ticket Income 52 171 $
Level 4 -- Attendance: 4000 (100,00%) -- Ticket Income 76 000 $
Luxury Box -- Attendance: 679 (67,90%) -- Ticket Income 128 331 $
Game was played at the TD Banknorth Garden
Total Attendance: 14246 (79,14%)
Total Ticket Income: 883 454 $
Other Income: 132 518 $
Total Income: 1 015 972 $
Flames
5 vs 5 Forward
Center Left Wing Right Wing Time % Phy DF OF
1 Eric Staal Alexander Semin David Backes 40 1 2 2
2 Michal Handzus Mark Bell Jordin Tootoo 30 1 2 2
3 Marcel Goc Steve Regier Milan Hejduk 20 1 2 2
4 Mikhail Grabovski Brad Marchand Craig Adams 10 1 2 2
5 vs 5 Defense
Defense Defense Time % Phy DF OF
1 Filip Kuba Steve Eminger 40 1 2 2
2 Tomas Kaberle Erik Johnson 30 1 2 2
3 Niklas Kronwall Ron Hainsey 20 1 2 2
4 Tomas Kaberle Steve Eminger 10 1 2 2
PowerPlay Forward
Center Left Wing Right Wing Time % Phy DF OF
1 Eric Staal Alexander Semin David Backes 60 1 2 2
2 Michal Handzus Mark Bell Milan Hejduk 40 1 2 2
PowerPlay Defense
Defense Defense Time % Phy DF OF
1 Filip Kuba Erik Johnson 60 1 2 2
2 Tomas Kaberle Ron Hainsey 40 1 2 2
Penalty Kill 4 Players Forward
Center Wing Time % Phy DF OF
1 Michal Handzus Craig Adams 60 1 3 1
2 Eric Staal Jordin Tootoo 40 1 3 1
Penalty Kill 4 Players Defense
Defense Defense Time % Phy DF OF
1 Ron Hainsey Steve Eminger 60 1 3 1
2 Tomas Kaberle Erik Johnson 40 1 3 1
Penalty Kill - 3 Players Forward
Forward Time % Phy DF OF
1 Eric Staal 60 1 4 0
2 Craig Adams 40 1 4 0
Penalty Kill - 3 Players Defense
Defense Defense Time % Phy DF OF
1 Ron Hainsey Steve Eminger 60 1 4 0
2 Filip Kuba Erik Johnson 40 1 4 0
4 vs 4 Forward
Center Wing Time % Phy DF OF
1 Eric Staal Alexander Semin 60 1 2 2
2 Michal Handzus David Backes 40 1 2 2
4 vs 4 Defense
Defense Defense Time % Phy DF OF
1 Filip Kuba Steve Eminger 60 1 2 2
2 Tomas Kaberle Erik Johnson 40 1 2 2
Last Minutes Offensive
Center Left Wing Right Wing Defense Defense
Eric Staal Alexander Semin David Backes Filip Kuba Steve Eminger
Last Minutes Defensive
Center Left Wing Right Wing Defense Defense
Eric Staal Alexander Semin David Backes Filip Kuba Steve Eminger
Goaltenders
Starting : Pekka Rinne
Backup : Craig Anderson
Extra Forwards
Normal : Alexander Semin, Jordin Tootoo, Michal Handzus - PP : Mark Bell, Milan Hejduk - PK : David Backes
Extra Defensemen
Normal : Erik Johnson, Tomas Kaberle, Niklas Kronwall - PP : Tomas Kaberle - PK : Erik Johnson, Filip Kuba
Penalty Shots
Alexander Semin, Eric Staal, David Backes, Milan Hejduk, Mark Bell
Bruins
5 vs 5 Forward
Center Left Wing Right Wing Time % Phy DF OF
1 Eric Lindros Wojtek Wolski Victor Oreskovich 40 1 2 2
2 Sydney Crosby Scottie Upshall Vitali Yachmenev 30 1 2 2
3 Dave Bolland Viktor Stalberg Dainius Zubrus 20 1 2 2
4 Blair Betts Matt Cooke Martin Erat 10 1 2 2
5 vs 5 Defense
Defense Defense Time % Phy DF OF
1 Andrew Alberts Andrei Markov 40 1 2 2
2 Ryan O'Byrne Mark Stuart 30 1 2 2
3 Jason Demers Christoph Schubert 20 1 2 2
4 Andrew Alberts Andrei Markov 10 1 2 2
PowerPlay Forward
Center Left Wing Right Wing Time % Phy DF OF
1 Eric Lindros Wojtek Wolski Victor Oreskovich 60 1 2 2
2 Sydney Crosby Scottie Upshall Vitali Yachmenev 40 1 2 2
PowerPlay Defense
Defense Defense Time % Phy DF OF
1 Andrew Alberts Andrei Markov 60 1 2 2
2 Ryan O'Byrne Mark Stuart 40 1 2 2
Penalty Kill 4 Players Forward
Center Wing Time % Phy DF OF
1 Wojtek Wolski Eric Lindros 60 1 2 2
2 Sydney Crosby Scottie Upshall 40 1 2 2
Penalty Kill 4 Players Defense
Defense Defense Time % Phy DF OF
1 Andrew Alberts Andrei Markov 60 1 2 2
2 Ryan O'Byrne Mark Stuart 40 1 2 2
Penalty Kill - 3 Players Forward
Forward Time % Phy DF OF
1 Wojtek Wolski 60 1 2 2
2 Eric Lindros 40 1 2 2
Penalty Kill - 3 Players Defense
Defense Defense Time % Phy DF OF
1 Andrew Alberts Andrei Markov 60 1 2 2
2 Ryan O'Byrne Mark Stuart 40 1 2 2
4 vs 4 Forward
Center Wing Time % Phy DF OF
1 Wojtek Wolski Eric Lindros 60 1 2 2
2 Sydney Crosby Scottie Upshall 40 1 2 2
4 vs 4 Defense
Defense Defense Time % Phy DF OF
1 Andrew Alberts Andrei Markov 60 1 2 2
2 Ryan O'Byrne Mark Stuart 40 1 2 2
Last Minutes Offensive
Center Left Wing Right Wing Defense Defense
Eric Lindros Wojtek Wolski Victor Oreskovich Andrew Alberts Andrei Markov
Last Minutes Defensive
Center Left Wing Right Wing Defense Defense
Eric Lindros Wojtek Wolski Victor Oreskovich Andrew Alberts Andrei Markov
Goaltenders
Starting : Evgeni Nabokov
Backup : Karri Ramo
Extra Forwards
Normal : Viktor Stalberg, Matt Cooke, Dainius Zubrus - PP : Viktor Stalberg, Matt Cooke - PK : Dainius Zubrus
Extra Defensemen
Normal : Jason Demers, Christoph Schubert, Ryan O'Byrne - PP : Jason Demers - PK : Christoph Schubert, Ryan O'Byrne
Penalty Shots
Wojtek Wolski, Eric Lindros, Sydney Crosby, Scottie Upshall, Viktor Stalberg
% Time on Ice - Flames
Lines # - Real PCT - Wanted PCT - Time Play
Normal Forward
1 - 32% - 40% - 13:15
2 - 29% - 30% - 12:00
3 - 23% - 20% - 9:16
4 - 15% - 10% - 6:16
Normal Defense
1 - 37% - 40% - 15:06
2 - 31% - 30% - 12:41
3 - 28% - 20% - 11:17
4 - 4% - 10% - 1:43
PP Forward
1 - 61% - 60% - 5:14
2 - 39% - 40% - 3:25
PP Defense
1 - 63% - 60% - 5:25
2 - 37% - 40% - 3:14
PK Forward
1 - 78% - 60% - 6:43
2 - 22% - 40% - 1:56
PK Defense
1 - 56% - 60% - 4:50
2 - 44% - 40% - 3:49
PK3 Forward
1 - 0% - 60%
2 - 0% - 40%
PK3 Defense
1 - 0% - 60%
2 - 0% - 40%
44 Forward
1 - 75% - 60% - 0:58
2 - 25% - 40% - 0:19
44 Defense
1 - 100% - 60% - 1:17
2 - 0% - 40% - 0:00
Last Minute Offensive - 0:00
Last Minute Defensive - 0:38
Total
Forward - 60:00
Defense - 60:00
|
% Time on Ice - Bruins
Lines # - Real PCT - Wanted PCT - Time Play
Normal Forward
1 - 34% - 40% - 14:02
2 - 26% - 30% - 10:34
3 - 21% - 20% - 8:44
4 - 18% - 10% - 7:28
Normal Defense
1 - 37% - 40% - 15:14
2 - 32% - 30% - 12:54
3 - 29% - 20% - 11:46
4 - 2% - 10% - 0:54
PP Forward
1 - 53% - 60% - 4:35
2 - 47% - 40% - 4:04
PP Defense
1 - 66% - 60% - 5:43
2 - 34% - 40% - 2:56
PK Forward
1 - 84% - 60% - 7:15
2 - 16% - 40% - 1:24
PK Defense
1 - 61% - 60% - 5:14
2 - 39% - 40% - 3:25
PK3 Forward
1 - 0% - 60%
2 - 0% - 40%
PK3 Defense
1 - 0% - 60%
2 - 0% - 40%
44 Forward
1 - 71% - 60% - 0:55
2 - 29% - 40% - 0:22
44 Defense
1 - 100% - 60% - 1:17
2 - 0% - 40% - 0:00
Last Minute Offensive - 0:37
Last Minute Defensive - 0:00
Total
Forward - 60:00
Defense - 60:00
|
Play by Play
1st period
0:01 of 1st period - Wojtek Wolski wins face-off versus Eric Staal in neutral zone.
0:04 of 1st period - Snap shot by Andrei Markov.
0:04 of 1st period - Shot Misses the Net.
1:48 of 1st period - Vitali Yachmenev is hit by Jordin Tootoo and loses puck.
1:53 of 1st period - Wrist shot by Michal Handzus.
1:53 of 1st period - Shot Misses the Net.
1:55 of 1st period - Snap shot by Jordin Tootoo.
1:55 of 1st period - Stopped by Evgeni Nabokov with a rebound.
1:57 of 1st period - Snap shot by Michal Handzus.
1:57 of 1st period - Shot Blocked by Ryan O'Byrne.
1:59 of 1st period - Snap shot by Tomas Kaberle.
1:59 of 1st period - Stopped by Evgeni Nabokov with a rebound.
2:09 of 1st period - Snap shot by Marcel Goc.
2:09 of 1st period - Deflect By Steve Regier.
2:09 of 1st period - Shot Misses the Net.
2:09 of 1st period - Puck is out of play.
2:10 of 1st period - Marcel Goc wins face-off versus Eric Lindros in Bruins zone.
2:56 of 1st period - Snap shot by Wojtek Wolski.
2:56 of 1st period - Shot Blocked by Niklas Kronwall.
3:08 of 1st period - Eric Lindros is hit by Mark Bell and loses puck.
3:15 of 1st period - Snap shot by Michal Handzus.
3:15 of 1st period - Shot Misses the Net.
4:26 of 1st period - Minor Penalty to Jason Demers for Tripping.
4:27 of 1st period - Eric Staal wins face-off versus Scottie Upshall in Bruins zone.
4:27 of 1st period - Wrist shot by David Backes.
4:27 of 1st period - Deflect By Eric Staal.
4:27 of 1st period - Shot Misses the Net.
4:27 of 1st period - Puck is out of play.
4:28 of 1st period - David Backes wins face-off versus Sydney Crosby in Bruins zone.
4:37 of 1st period - Slapshot by Alexander Semin.
4:37 of 1st period - Shot Blocked by Andrei Markov.
6:26 of 1st period - Penalty to Jason Demers is over, Jason Demers is back on ice.
6:34 of 1st period - Craig Adams is hit by Ryan O'Byrne and loses puck.
9:57 of 1st period - Mark Bell is hit by Sydney Crosby and loses puck.
10:36 of 1st period - Marcel Goc is hit by Eric Lindros and loses puck.
10:49 of 1st period - Eric Staal is hit by Andrei Markov.
11:06 of 1st period - Snap shot by Mark Bell.
11:06 of 1st period - Stopped by Evgeni Nabokov with a rebound.
11:20 of 1st period - Vitali Yachmenev is hit by Filip Kuba and loses puck.
11:36 of 1st period - Icing by Niklas Kronwall.
11:37 of 1st period - Marcel Goc wins face-off versus Wojtek Wolski in Flames zone.
11:47 of 1st period - Wojtek Wolski is hit by Marcel Goc.
12:01 of 1st period - Alexander Semin is hit by Viktor Stalberg and loses puck.
12:10 of 1st period - Erik Johnson is hit by Dainius Zubrus and loses puck.
12:31 of 1st period - Wrist shot by Martin Erat.
12:31 of 1st period - Stopped by Pekka Rinne without a rebound.
12:32 of 1st period - Michal Handzus wins face-off versus Sydney Crosby in Flames zone.
12:57 of 1st period - Marcel Goc is hit by Wojtek Wolski and loses puck.
13:18 of 1st period - Slapshot by Dainius Zubrus.
13:18 of 1st period - Stopped by Pekka Rinne with a rebound.
13:20 of 1st period - Slapshot by Jason Demers.
13:20 of 1st period - Deflect By Viktor Stalberg.
13:20 of 1st period - Stopped by Pekka Rinne with a rebound.
13:38 of 1st period - Blair Betts is hit by David Backes and loses puck.
14:11 of 1st period - Snap shot by Michal Handzus.
14:11 of 1st period - Stopped by Evgeni Nabokov with a rebound.
14:13 of 1st period - Backhand shot by Michal Handzus.
14:13 of 1st period - Shot Misses the Net.
14:30 of 1st period - Slapshot by Niklas Kronwall.
14:30 of 1st period - Deflect By Steve Regier.
14:30 of 1st period - Shot Misses the Net.
14:30 of 1st period - Puck is out of play.
14:31 of 1st period - Eric Staal wins face-off versus Eric Lindros in Bruins zone.
14:48 of 1st period - Mark Stuart is hit by Eric Staal and loses puck.
14:59 of 1st period - Wrist shot by Michal Handzus.
14:59 of 1st period - Stopped by Evgeni Nabokov without a rebound.
15:00 of 1st period - Michal Handzus wins face-off versus Sydney Crosby in Bruins zone.
15:10 of 1st period - Minor Penalty to Sydney Crosby for Holding.
15:11 of 1st period - Eric Staal wins face-off versus Wojtek Wolski in Bruins zone.
15:11 of 1st period - Wrist shot by Alexander Semin.
15:11 of 1st period - Shot Blocked by Andrei Markov.
15:13 of 1st period - Slapshot by Filip Kuba.
15:13 of 1st period - Stopped by Evgeni Nabokov without a rebound.
15:14 of 1st period - Eric Staal wins face-off versus Wojtek Wolski in Bruins zone.
15:43 of 1st period - Wrist shot by Eric Staal.
15:43 of 1st period - Stopped by Evgeni Nabokov without a rebound.
15:44 of 1st period - Wojtek Wolski wins face-off versus Michal Handzus in Bruins zone.
15:44 of 1st period - Wojtek Wolski is hit by Michal Handzus.
15:52 of 1st period - Minor Penalty to Tomas Kaberle for Holding.
15:53 of 1st period - Wojtek Wolski wins face-off versus Eric Staal in Flames zone.
16:02 of 1st period - Snap shot by Eric Lindros.
16:02 of 1st period - Stopped by Pekka Rinne without a rebound.
16:03 of 1st period - Wojtek Wolski wins face-off versus Eric Staal in Flames zone.
16:06 of 1st period - Slapshot by Wojtek Wolski.
16:06 of 1st period - Shot Misses the Net.
16:20 of 1st period - Backhand shot by Eric Lindros.
16:20 of 1st period - Shot Misses the Net.
16:22 of 1st period - Snap shot by Wojtek Wolski.
16:22 of 1st period - Stopped by Pekka Rinne without a rebound.
16:23 of 1st period - Eric Staal wins face-off versus Wojtek Wolski in Flames zone.
17:10 of 1st period - Penalty to Sydney Crosby is over, Sydney Crosby is back on ice.
17:52 of 1st period - Penalty to Tomas Kaberle is over, Tomas Kaberle is back on ice.
18:03 of 1st period - Off-side.
18:04 of 1st period - Marcel Goc wins face-off versus Blair Betts in neutral zone.
18:29 of 1st period - Eric Staal is hit by Ryan O'Byrne and loses puck.
18:35 of 1st period - Minor Penalty to Tomas Kaberle for Hooking.
18:36 of 1st period - Eric Lindros wins face-off versus Michal Handzus in Flames zone.
18:38 of 1st period - Snap shot by Wojtek Wolski.
18:38 of 1st period - Stopped by Pekka Rinne without a rebound.
18:39 of 1st period - Michal Handzus wins face-off versus Victor Oreskovich in Flames zone.
Goals for this period are 0 for Flames vs 0 for Bruins.
Shots for this period are 7 for Flames vs 6 for Bruins.
2nd period
0:01 of 2nd period - Eric Lindros wins face-off versus Michal Handzus in neutral zone.
0:28 of 2nd period - Andrei Markov is hit by Ron Hainsey and loses puck.
0:35 of 2nd period - Penalty to Tomas Kaberle is over, Tomas Kaberle is back on ice.
1:06 of 2nd period - Milan Hejduk is hit by Blair Betts and loses puck.
1:11 of 2nd period - Snap shot by Matt Cooke.
1:11 of 2nd period - Stopped by Pekka Rinne without a rebound.
1:12 of 2nd period - Eric Staal wins face-off versus Blair Betts in Flames zone.
1:12 of 2nd period - Eric Staal is hit by Blair Betts.
1:22 of 2nd period - Snap shot by Alexander Semin.
1:22 of 2nd period - Stopped by Evgeni Nabokov without a rebound.
1:23 of 2nd period - Eric Lindros wins face-off versus Eric Staal in Bruins zone.
1:23 of 2nd period - Eric Lindros is hit by Eric Staal.
1:39 of 2nd period - David Backes is hit by Wojtek Wolski and loses puck.
1:49 of 2nd period - Icing by Victor Oreskovich.
1:50 of 2nd period - Eric Lindros wins face-off versus Mark Bell in Bruins zone.
2:03 of 2nd period - Snap shot by Vitali Yachmenev.
2:03 of 2nd period - Stopped by Pekka Rinne without a rebound.
2:04 of 2nd period - Eric Lindros wins face-off versus Eric Staal in Flames zone.
2:17 of 2nd period - Snap shot by Wojtek Wolski.
2:17 of 2nd period - Stopped by Pekka Rinne with a rebound.
2:36 of 2nd period - Slapshot by Scottie Upshall.
2:36 of 2nd period - Shot Misses the Net.
2:56 of 2nd period - Dainius Zubrus is hit by Milan Hejduk.
3:02 of 2nd period - Wrist shot by Dave Bolland.
3:02 of 2nd period - Stopped by Pekka Rinne with a rebound.
3:35 of 2nd period - Slapshot by Craig Adams.
3:35 of 2nd period - Shot Misses the Net.
4:01 of 2nd period - Slapshot by Vitali Yachmenev.
4:01 of 2nd period - Shot Misses the Net.
4:13 of 2nd period - Minor Penalty to Michal Handzus for Tripping.
4:14 of 2nd period - David Backes wins face-off versus Eric Lindros in Flames zone.
5:33 of 2nd period - Steve Eminger is hit by Vitali Yachmenev and loses puck.
6:13 of 2nd period - Penalty to Michal Handzus is over, Michal Handzus is back on ice.
6:26 of 2nd period - Wrist shot by Martin Erat.
6:26 of 2nd period - Stopped by Pekka Rinne without a rebound.
6:27 of 2nd period - Michal Handzus wins face-off versus Dave Bolland in Flames zone.
6:32 of 2nd period - Slapshot by Steve Eminger.
6:32 of 2nd period - Deflect By Mark Bell.
6:32 of 2nd period - Shot Misses the Net.
6:32 of 2nd period - Puck is out of play.
6:33 of 2nd period - Jordin Tootoo wins face-off versus Viktor Stalberg in Bruins zone.
6:34 of 2nd period - Slapshot by Mark Bell.
6:34 of 2nd period - Stopped by Evgeni Nabokov without a rebound.
6:35 of 2nd period - Michal Handzus wins face-off versus Dave Bolland in Bruins zone.
6:38 of 2nd period - Slapshot by Mark Bell.
6:38 of 2nd period - Deflect By Dave Bolland.
6:38 of 2nd period - Shot Misses the Net.
6:38 of 2nd period - Puck is out of play.
6:39 of 2nd period - Eric Staal wins face-off versus Eric Lindros in Bruins zone.
6:48 of 2nd period - Backhand shot by David Backes.
6:48 of 2nd period - Stopped by Evgeni Nabokov without a rebound.
6:49 of 2nd period - Eric Staal wins face-off versus Eric Lindros in Bruins zone.
6:52 of 2nd period - Slapshot by David Backes.
6:52 of 2nd period - Stopped by Evgeni Nabokov with a rebound.
6:58 of 2nd period - Slapshot by Andrei Markov.
6:58 of 2nd period - Stopped by Pekka Rinne with a rebound.
7:00 of 2nd period - Wrist shot by Wojtek Wolski.
7:00 of 2nd period - Stopped by Pekka Rinne without a rebound.
7:01 of 2nd period - Eric Staal wins face-off versus Sydney Crosby in Flames zone.
8:17 of 2nd period - Snap shot by Alexander Semin.
8:17 of 2nd period - Shot Misses the Net.
8:21 of 2nd period - Snap shot by Eric Staal.
8:21 of 2nd period - Stopped by Evgeni Nabokov with a rebound.
8:50 of 2nd period - Ryan O'Byrne is hit by Mark Bell and loses puck.
8:59 of 2nd period - Snap shot by Michal Handzus.
8:59 of 2nd period - Deflect By Mark Bell.
8:59 of 2nd period - Shot Misses the Net.
8:59 of 2nd period - Puck is out of play.
9:00 of 2nd period - Eric Staal wins face-off versus Eric Lindros in Bruins zone.
9:34 of 2nd period - Minor Penalty to Michal Handzus for Holding.
9:35 of 2nd period - Eric Lindros wins face-off versus David Backes in Flames zone.
9:35 of 2nd period - Slapshot by Wojtek Wolski.
9:35 of 2nd period - Goal by Wojtek Wolski - Flames : 0 - Bruins : 1.
9:36 of 2nd period - Eric Lindros wins face-off versus Eric Staal in neutral zone.
9:41 of 2nd period - Snap shot by Alexander Semin.
9:41 of 2nd period - Deflect By Eric Staal.
9:41 of 2nd period - Stopped by Evgeni Nabokov with a rebound.
9:43 of 2nd period - Slapshot by Steve Eminger.
9:43 of 2nd period - Stopped by Evgeni Nabokov without a rebound.
9:44 of 2nd period - Eric Staal wins face-off versus Eric Lindros in Bruins zone.
10:11 of 2nd period - Wrist shot by Mark Bell.
10:11 of 2nd period - Shot Misses the Net.
10:13 of 2nd period - Snap shot by Michal Handzus.
10:13 of 2nd period - Shot Misses the Net.
10:19 of 2nd period - Snap shot by Jordin Tootoo.
10:19 of 2nd period - Stopped by Evgeni Nabokov without a rebound.
10:20 of 2nd period - Eric Staal wins face-off versus Eric Lindros in Bruins zone.
10:47 of 2nd period - Mark Stuart is hit by Mark Bell and loses puck.
11:22 of 2nd period - Snap shot by Dave Bolland.
11:22 of 2nd period - Stopped by Pekka Rinne with a rebound.
11:24 of 2nd period - Backhand shot by Andrei Markov.
11:24 of 2nd period - Stopped by Pekka Rinne without a rebound.
11:25 of 2nd period - Eric Lindros wins face-off versus Eric Staal in Flames zone.
11:59 of 2nd period - Snap shot by Sydney Crosby.
11:59 of 2nd period - Stopped by Pekka Rinne with a rebound.
12:36 of 2nd period - Wrist shot by Brad Marchand.
12:36 of 2nd period - Stopped by Evgeni Nabokov without a rebound.
12:37 of 2nd period - Eric Lindros wins face-off versus Mikhail Grabovski in Bruins zone.
14:30 of 2nd period - Icing by Niklas Kronwall.
14:31 of 2nd period - Dave Bolland wins face-off versus Steve Regier in Flames zone.
15:03 of 2nd period - Backhand shot by Wojtek Wolski.
15:03 of 2nd period - Stopped by Pekka Rinne with a rebound.
15:05 of 2nd period - Wrist shot by Eric Lindros.
15:05 of 2nd period - Shot Misses the Net.
15:27 of 2nd period - Scottie Upshall is hit by Eric Staal and loses puck.
15:42 of 2nd period - Wrist shot by Viktor Stalberg.
15:42 of 2nd period - Stopped by Pekka Rinne with a rebound.
17:08 of 2nd period - Slapshot by Eric Lindros.
17:08 of 2nd period - Deflect By Wojtek Wolski.
17:08 of 2nd period - Shot Blocked by Tomas Kaberle.
17:08 of 2nd period - Puck is out of play.
17:09 of 2nd period - Eric Lindros wins face-off versus Eric Staal in Flames zone.
17:10 of 2nd period - Wrist shot by Victor Oreskovich.
17:10 of 2nd period - Stopped by Pekka Rinne with a rebound.
17:12 of 2nd period - Snap shot by Wojtek Wolski.
17:12 of 2nd period - Shot Misses the Net.
17:46 of 2nd period - Wrist shot by David Backes.
17:46 of 2nd period - Shot Blocked by Jason Demers.
17:48 of 2nd period - Wrist shot by Eric Staal.
17:48 of 2nd period - Goal by Eric Staal - Flames : 1 - Bruins : 1.
17:49 of 2nd period - Eric Lindros wins face-off versus Michal Handzus in neutral zone.
18:38 of 2nd period - Dave Bolland is hit by Tomas Kaberle and loses puck.
18:54 of 2nd period - Icing by Viktor Stalberg.
18:55 of 2nd period - Eric Staal wins face-off versus Viktor Stalberg in Bruins zone.
19:05 of 2nd period - Minor Penalty to Filip Kuba for Slashing.
19:06 of 2nd period - Victor Oreskovich wins face-off versus Michal Handzus in Flames zone.
19:12 of 2nd period - Wrist shot by Eric Lindros.
19:12 of 2nd period - Stopped by Pekka Rinne with a rebound.
19:32 of 2nd period - Vitali Yachmenev is hit by Ron Hainsey and loses puck.
Goals for this period are 1 for Flames vs 1 for Bruins.
Shots for this period are 10 for Flames vs 15 for Bruins.
3rd period
0:01 of 3rd period - Michal Handzus wins face-off versus Eric Lindros in neutral zone.
0:04 of 3rd period - Slapshot by Steve Eminger.
0:04 of 3rd period - Shot Misses the Net.
1:05 of 3rd period - Penalty to Filip Kuba is over, Filip Kuba is back on ice.
1:12 of 3rd period - Snap shot by Viktor Stalberg.
1:12 of 3rd period - Deflect By Milan Hejduk.
1:12 of 3rd period - Stopped by Pekka Rinne with a rebound.
1:14 of 3rd period - Slapshot by Ryan O'Byrne.
1:14 of 3rd period - Shot Blocked by Steve Regier.
1:16 of 3rd period - Slapshot by Ryan O'Byrne.
1:16 of 3rd period - Shot Blocked by Steve Eminger.
1:18 of 3rd period - Slapshot by Mark Stuart.
1:18 of 3rd period - Shot Misses the Net.
1:20 of 3rd period - Slapshot by Mark Stuart.
1:20 of 3rd period - Shot Misses the Net.
1:22 of 3rd period - Snap shot by Viktor Stalberg.
1:22 of 3rd period - Shot Misses the Net.
1:37 of 3rd period - Blair Betts is hit by Filip Kuba and loses puck.
1:44 of 3rd period - Snap shot by Eric Staal.
1:44 of 3rd period - Shot Misses the Net.
2:00 of 3rd period - Slapshot by Jordin Tootoo.
2:00 of 3rd period - Goal by Jordin Tootoo - Flames : 2 - Bruins : 1.
2:01 of 3rd period - Eric Lindros wins face-off versus Eric Staal in neutral zone.
2:14 of 3rd period - Wrist shot by Victor Oreskovich.
2:14 of 3rd period - Stopped by Pekka Rinne with a rebound.
2:16 of 3rd period - Snap shot by Victor Oreskovich.
2:16 of 3rd period - Stopped by Pekka Rinne without a rebound.
2:17 of 3rd period - Sydney Crosby wins face-off versus Michal Handzus in Flames zone.
2:30 of 3rd period - Wrist shot by Scottie Upshall.
2:30 of 3rd period - Stopped by Pekka Rinne with a rebound.
3:07 of 3rd period - Snap shot by Martin Erat.
3:07 of 3rd period - Shot Blocked by Eric Staal.
3:09 of 3rd period - Snap shot by Blair Betts.
3:09 of 3rd period - Stopped by Pekka Rinne without a rebound.
3:10 of 3rd period - Matt Cooke wins face-off versus Michal Handzus in Flames zone.
3:21 of 3rd period - Slapshot by Martin Erat.
3:21 of 3rd period - Stopped by Pekka Rinne without a rebound.
3:22 of 3rd period - Michal Handzus wins face-off versus Eric Lindros in Flames zone.
3:22 of 3rd period - Michal Handzus is hit by Eric Lindros.
3:47 of 3rd period - Scottie Upshall is hit by Eric Staal and loses puck.
4:06 of 3rd period - Backhand shot by Viktor Stalberg.
4:06 of 3rd period - Shot Misses the Net.
4:16 of 3rd period - Slapshot by Steve Regier.
4:16 of 3rd period - Stopped by Evgeni Nabokov with a rebound.
6:15 of 3rd period - Snap shot by Matt Cooke.
6:15 of 3rd period - Deflect By Martin Erat.
6:15 of 3rd period - Stopped by Pekka Rinne with a rebound.
6:21 of 3rd period - Blair Betts is hit by David Backes.
6:38 of 3rd period - Slapshot by Sydney Crosby.
6:38 of 3rd period - Stopped by Pekka Rinne without a rebound.
6:39 of 3rd period - Eric Lindros wins face-off versus Alexander Semin in Flames zone.
7:33 of 3rd period - Snap shot by Dave Bolland.
7:33 of 3rd period - Shot Blocked by Ron Hainsey.
9:39 of 3rd period - Double Minor Penalty to Wojtek Wolski for Slashing.
9:40 of 3rd period - Dainius Zubrus wins face-off versus Eric Staal in Bruins zone.
9:50 of 3rd period - Slapshot by Filip Kuba.
9:50 of 3rd period - Shot Misses the Net.
9:56 of 3rd period - Backhand shot by Eric Staal.
9:56 of 3rd period - Shot Misses the Net.
10:45 of 3rd period - Icing by Milan Hejduk.
10:46 of 3rd period - Blair Betts wins face-off versus Eric Staal in Flames zone.
10:47 of 3rd period - Wrist shot by Matt Cooke.
10:47 of 3rd period - Stopped by Pekka Rinne with a rebound.
11:01 of 3rd period - Andrei Markov is hit by Eric Staal.
13:23 of 3rd period - Christoph Schubert is hit by Craig Adams and loses puck.
13:39 of 3rd period - Penalty to Wojtek Wolski is over, Wojtek Wolski is back on ice.
14:00 of 3rd period - Slapshot by Christoph Schubert.
14:00 of 3rd period - Stopped by Pekka Rinne without a rebound.
14:01 of 3rd period - Marcel Goc wins face-off versus Eric Lindros in Flames zone.
14:01 of 3rd period - Marcel Goc is hit by Wojtek Wolski.
14:23 of 3rd period - Sydney Crosby is hit by Mikhail Grabovski and loses puck.
14:36 of 3rd period - Snap shot by Mark Stuart.
14:36 of 3rd period - Shot Misses the Net.
14:38 of 3rd period - Slapshot by Ryan O'Byrne.
14:38 of 3rd period - Stopped by Pekka Rinne without a rebound.
14:39 of 3rd period - David Backes wins face-off versus Viktor Stalberg in Flames zone.
14:41 of 3rd period - Minor Penalty to David Backes for Hooking.
14:42 of 3rd period - Michal Handzus wins face-off versus Eric Lindros in Flames zone.
15:52 of 3rd period - Erik Johnson is hit by Ryan O'Byrne.
16:41 of 3rd period - Penalty to David Backes is over, David Backes is back on ice.
16:46 of 3rd period - Snap shot by Matt Cooke.
16:46 of 3rd period - Shot Hit the Post.
16:48 of 3rd period - Slapshot by Jason Demers.
16:48 of 3rd period - Shot Misses the Net.
16:50 of 3rd period - Slapshot by Christoph Schubert.
16:50 of 3rd period - Shot Blocked by Alexander Semin.
16:52 of 3rd period - Slapshot by Jason Demers.
16:52 of 3rd period - Shot Misses the Net.
16:54 of 3rd period - Snap shot by Jason Demers.
16:54 of 3rd period - Stopped by Pekka Rinne without a rebound.
16:55 of 3rd period - Marcel Goc wins face-off versus Dave Bolland in Flames zone.
16:55 of 3rd period - Marcel Goc is hit by Viktor Stalberg.
17:20 of 3rd period - Minor Penalty to Christoph Schubert for Hooking.
17:21 of 3rd period - Wojtek Wolski wins face-off versus Eric Staal in Bruins zone.
19:11 of 3rd period - Mark Stuart is hit by Michal Handzus and loses puck.
19:20 of 3rd period - Penalty to Christoph Schubert is over, Christoph Schubert is back on ice.
19:28 of 3rd period - Bruins, Evgeni Nabokov is pulled from the net.
19:34 of 3rd period - Snap shot by Eric Lindros.
19:34 of 3rd period - Shot Misses the Net.
19:36 of 3rd period - Wrist shot by Andrei Markov.
19:36 of 3rd period - Stopped by Pekka Rinne without a rebound.
19:37 of 3rd period - Randy Carlyle call a timeout for Bruins.
19:37 of 3rd period - Eric Lindros wins face-off versus Jordin Tootoo in Flames zone.
19:48 of 3rd period - Slapshot by Craig Adams.
19:48 of 3rd period - Shot Misses the Net.
Goals for this period are 1 for Flames vs 0 for Bruins.
Shots for this period are 2 for Flames vs 13 for Bruins.
Output by the SimonT Hockey Simulator (STHS) for François Prévost -- Original Page W3C XHTML 1.0 Valid